General information
- name: BNet
- type: Ladder team game (AT/RT)
- host: Battle.net
- saver: GayTiMe.WeRRa
map: TwistedMeadows
- players: 4
- length: 23:21
- speed: Fast
- version: 1.24 W3XP
- replay type: Public
» download(176 KB)
Players
team 1 (loser)
CoLeGePaRtYeR17 (
blue | 125 APM | 2917 actions | 23:21)
4 Archmage
2 Summon Water Elemental
2 Brilliance Aura
3 Mountain King
2 Storm Bolt
1 Bash
» actions
| Assign group hotkey | 58 | |
| Basic commands | 136 | |
| Build / train | 74 | |
| ESC pressed | 5 | |
| Enter build submenu | 21 | |
| Enter hero's abilities submenu | 7 | |
| Right click | 1464 | |
| Select / deselect | 573 | |
| Select group hotkey | 451 | |
| Use ability | 128 | |
2917 total
» units
| Peasant | 13 | |
| Footman | 8 | |
| Sorceress | 4 | |
| Priest | 2 | |
| Spell Breaker | 9 | |
| Knight | 3 | |
39 total
» upgrades
| Masonry | 2 | |
| Sorceress Training | 1 | |
| Lumber Harvesting | 1 | |
| Plating | 2 | |
| Priest Training | 1 | |
| Animal War Training | 1 | |
8 total
» buildings
| Altar of Kings | 1 | |
| Barracks | 1 | |
| Farm | 9 | |
| Scout Tower | 1 | |
| Arcane Tower | 1 | |
| Arcane Vault | 1 | |
| Keep | 2 | |
| Lumber Mill | 1 | |
| Arcane Sanctum | 2 | |
| Town Hall | 1 | |
| Castle | 1 | |
| Blacksmith | 1 | |
22 total
» build order
00:04 Altar of Kings
00:10 Barracks
00:17 Farm
00:47 Farm
01:44 Scout Tower
01:47 Farm
02:21 Arcane Tower
03:20 Arcane Vault
03:35 Farm
04:26 Keep
04:30 Farm
06:16 Lumber Mill
06:50 Arcane Sanctum
06:53 Arcane Sanctum
08:46 Farm
09:27 Farm
13:01 Town Hall
14:52 Castle
15:58 Blacksmith
18:04 Farm
18:05 Farm
» items
| Scroll of Regeneration | 4 | |
| Lesser Clarity Potion | 3 | |
| Scroll of Town Portal | 2 | |
| Potion of Healing | 2 | |
| Potion of Mana | 1 | |
| Staff of Sanctuary | 1 | |
13 total
GayTiMe.WeRRa (
teal | 131 APM | 3063 actions | 23:21)
5 Tauren Chieftain
3 War Stomp
2 Endurance Aura
4 Shadow Hunter
2 Hex
2 Healing Wave
» actions
| Assign group hotkey | 33 | |
| Basic commands | 174 | |
| Build / train | 84 | |
| ESC pressed | 4 | |
| Enter build submenu | 19 | |
| Enter hero's abilities submenu | 10 | |
| Give item / drop item | 6 | |
| Right click | 1453 | |
| Select / deselect | 677 | |
| Select group hotkey | 522 | |
| Use ability | 81 | |
3063 total
» units
| Peon | 14 | |
| Troll Headhunter/Berserker | 19 | |
| Wind Rider | 6 | |
39 total
» upgrades
| Ranged Weapons | 3 | |
| Berserker Upgrade | 1 | |
| Envenomed Spears | 1 | |
| Armor | 3 | |
| Pulverize | 1 | |
9 total
» buildings
| Altar of Storms | 1 | |
| Orc Burrow | 5 | |
| War Mill | 1 | |
| Barracks | 1 | |
| Voodoo Lounge | 1 | |
| Stronghold | 2 | |
| Great Hall | 1 | |
| Fortress | 1 | |
| Beastiary | 3 | |
| Tauren Totem | 2 | |
18 total
» build order
00:04 Altar of Storms
00:07 Orc Burrow
00:25 War Mill
01:12 Barracks
01:50 Orc Burrow
02:04 Voodoo Lounge
04:47 Stronghold
04:48 Stronghold
05:57 Great Hall
06:15 Orc Burrow
07:45 Fortress
10:57 Beastiary
10:58 Beastiary
13:26 Orc Burrow
15:54 Beastiary
15:55 Tauren Totem
16:33 Orc Burrow
18:06 Tauren Totem
» items
| Healing Salve | 8 | |
| Lesser Clarity Potion | 5 | |
| Scroll of Town Portal | 5 | |
| Potion of Mana | 2 | |
| Potion of Healing | 1 | |
| Orb of Lightning | 1 | |
22 total
team 2 (winner)

»
WatTheFHappened (
pink | 73 APM | 1706 actions | 23:21)
5 Archmage
3 Summon Water Elemental
2 Brilliance Aura
4 Mountain King
2 Storm Bolt
2 Bash
» actions
| Assign group hotkey | 42 | |
| Basic commands | 3 | |
| Build / train | 105 | |
| ESC pressed | 6 | |
| Enter build submenu | 21 | |
| Enter hero's abilities submenu | 9 | |
| Give item / drop item | 2 | |
| Right click | 826 | |
| Select / deselect | 483 | |
| Select group hotkey | 61 | |
| Use ability | 147 | |
1706 total
» units
| Peasant | 15 | |
| Footman | 7 | |
| Priest | 1 | |
| Sorceress | 2 | |
| Spell Breaker | 8 | |
| Dragonhawk Rider | 12 | |
45 total
» upgrades
| Lumber Harvesting | 1 | |
| Masonry | 2 | |
| Magic Sentry | 1 | |
4 total
» buildings
| Altar of Kings | 1 | |
| Farm | 9 | |
| Barracks | 1 | |
| Scout Tower | 1 | |
| Arcane Tower | 2 | |
| Keep | 3 | |
| Arcane Vault | 1 | |
| Arcane Sanctum | 3 | |
| Lumber Mill | 1 | |
| Town Hall | 2 | |
| Guard Tower | 4 | |
| Gryphon Aviary | 2 | |
30 total
» build order
00:08 Altar of Kings
00:15 Farm
00:33 Barracks
01:08 Farm
01:41 Scout Tower
02:15 Arcane Tower
02:17 Farm
03:26 Keep
03:26 Keep
03:26 Keep
03:47 Farm
04:08 Farm
04:09 Farm
05:06 Arcane Vault
05:49 Arcane Sanctum
06:11 Arcane Sanctum
06:20 Arcane Sanctum
07:03 Lumber Mill
08:42 Town Hall
08:59 Arcane Tower
09:02 Guard Tower
09:02 Guard Tower
09:02 Guard Tower
12:58 Farm
12:59 Farm
14:08 Gryphon Aviary
14:11 Gryphon Aviary
16:26 Farm
16:48 Guard Tower
23:14 Town Hall
» items
| Boots of Speed | 3 | |
| Scroll of Regeneration | 5 | |
| Ivory Tower | 7 | |
| Potion of Lesser Invulnerability | 1 | |
| Scroll of Town Portal | 5 | |
| Scroll of Healing | 4 | |
| Lesser Clarity Potion | 1 | |
| Potion of Healing | 1 | |
27 total

»
ying_ (
yellow | 159 APM | 3722 actions | 23:21)
4 Demon Hunter
2 Mana Burn
2 Evasion
4 Pandaren Brewmaster
2 Breath of Fire
2 Drunken Haze
» actions
| Assign group hotkey | 181 | |
| Basic commands | 124 | |
| Build / train | 71 | |
| ESC pressed | 2 | |
| Enter build submenu | 15 | |
| Enter hero's abilities submenu | 8 | |
| Give item / drop item | 5 | |
| Right click | 1539 | |
| Select / deselect | 613 | |
| Select group hotkey | 940 | |
| Use ability | 224 | |
3722 total
» units
| Wisp | 17 | |
| Huntress | 3 | |
| Dryad | 7 | |
| Druid of the Claw | 7 | |
34 total
» upgrades
| Ultravision | 1 | |
| Abolish Magic | 1 | |
| Druid of the Claw Training | 2 | |
| Mark of the Claw | 2 | |
| Reinforced Hides | 1 | |
| Nature's Blessing | 1 | |
8 total
» buildings
| Altar of Elders | 1 | |
| Moon Well | 6 | |
| Hunter's Hall | 1 | |
| Ancient of War | 1 | |
| Tree of Ages | 2 | |
| Ancient of Wonders | 3 | |
| Ancient of Lore | 2 | |
| Tree of Eternity | 1 | |
17 total
» build order
00:04 Altar of Elders
00:19 Moon Well
01:45 Hunter's Hall
01:48 Ancient of War
02:04 Moon Well
02:07 Moon Well
03:31 Tree of Ages
05:03 Ancient of Wonders
05:53 Ancient of Lore
05:54 Ancient of Lore
06:43 Moon Well
06:45 Moon Well
09:34 Tree of Eternity
13:11 Ancient of Wonders
13:18 Ancient of Wonders
13:49 Moon Well
» items
| Boots of Speed | 1 | |
| Staff of Preservation | 1 | |
| Lesser Clarity Potion | 2 | |
| Orb of Venom | 1 | |
| Scroll of Town Portal | 4 | |
| Potion of Lesser Invulnerability | 1 | |
10 total
Chat log
(00:57 / All) GayTiMe.WeRRa: dont try too hard
(01:01 / All) GayTiMe.WeRRa: Pz ~~
(01:04 / All) ying_: why?
(08:14 / All) GayTiMe.WeRRa: Owned nerd
(08:35 / All) ying_: ..
(08:37 / All) ying_: How can u own some1
(08:39 / All) ying_: when ur getting raped
(08:43 / All) GayTiMe.WeRRa: right
(09:12 / All) ying_: you really think you are winning?
(09:14 / All) ying_: or have a chance?
(09:14 / All) ying_: lol
(09:21 / All) GayTiMe.WeRRa: not really because you cookie cut
(09:23 / All) GayTiMe.WeRRa: and watch replays
(09:27 / All) WatTheFHappened: lolp
(09:30 / All) ying_: i never watch 2v2 replays
(09:31 / All) ying_: i play me
(09:33 / All) GayTiMe.WeRRa: Sure u dont
(09:34 / All) CoLeGePaRtYeR17: relaly
(09:35 / All) CoLeGePaRtYeR17: really
(09:36 / All) ying_: you went tc hh
(09:37 / All) ying_: And say
(09:38 / All) CoLeGePaRtYeR17: there must be alot of yous
(09:39 / All) ying_: non cookie cut
(09:42 / All) ying_: ive done that plenty lol
(09:48 / All) ying_: Everything i do is me
(10:06 / All) GayTiMe.WeRRa: nice tp
(10:07 / All) GayTiMe.WeRRa: On your 3 dh
(12:18 / All) ying_: enjoy
(12:57 / All) ying_: what does rape
(12:59 / All) ying_: taste like?
(13:06 / All) ying_: bro we had like half your food...
(13:14 / All) GayTiMe.WeRRa: no you didn't
(13:17 / All) ying_: lol
(16:01 / All) ying_: Shti talking trash
(16:04 / All) ying_: disgusting
(16:10 / All) ying_: cant even back up your shit talk
(16:12 / All) CoLeGePaRtYeR17: do you make chocolate chip or raisin cookies
(17:28 / All) GayTiMe.WeRRa: uh oh
(17:41 / All) GayTiMe.WeRRa: didnt see this in a replay
(17:42 / All) GayTiMe.WeRRa: wut do u do
(17:52 / All) ying_: ?
(23:11 / All) WatTheFHappened: bye